 Dungeon Crawl Stone Soup version 0.30.0-29-ga12c61a403 (webtiles) character file.

Game seed: 15522005954615964972

41 DildoBatman the Conjurer (level 3, 0/26 HPs)
             Began as a Formicid Conjurer on June 11, 2023.
             Slain by a sleepcap (7 damage)
             ... on level 2 of the Dungeon.
             The game lasted 00:24:04 (1070 turns).

DildoBatman the Conjurer (Formicid Conjurer)        Turns: 1070, Time: 00:24:04

Health: 0/26       AC:  4    Str: 11    XL:     3   Next: 75%
Magic:  0/6        EV: 12    Int: 19    God:
Gold:   25         SH:  0    Dex: 12    Spells: 3/6 levels left

rFire   . . .        b - +0 dagger (venom)
rCold   . . .        (no shield)
rNeg    . . .        i - +0 robe
rPois   .            (helmet unavailable)
rElec   .            (no cloak)
rCorr   .            d - +0 pair of gloves
SInv    +            j - +0 pair of boots
Will    .....        (no amulet)
Stlth   ++           (no ring)
HPRegen 0.24/turn    (no ring)
MPRegen 0.10/turn

%: no passive effects
@: no status effects
A: permanent stasis, dig shafts and tunnels, antennae 3, four strong arms
a: Dig, Shaft Self


You were on level 2 of the Dungeon.
You visited 1 branch of the dungeon, and saw 2 of its levels.

You collected 25 gold pieces.

Inventory:

Hand Weapons
 a - a +0 sling
 b - a +0 dagger of venom (weapon)
Missiles
 g - 4 poisoned darts
 h - 4 atropa-tipped darts
 k - 2 boomerangs
Armour
 d - a +0 pair of gloves (worn)
 i - a +0 robe (worn)
 j - a +0 pair of boots (worn)
Scrolls
 c - a scroll of brand weapon {unknown}
 m - a scroll of blinking {unknown}
Potions
 e - a potion of magic
 f - 2 potions of might {unknown}
 l - a potion of heal wounds {unknown}
 n - a potion of resistance {unknown}


   Skills:
 * Level 1.1 Fighting
 * Level 1.0 Armour
 * Level 2.2 Dodging
 - Level 3.0 Stealth
 * Level 2.4 Spellcasting
 * Level 3.8 Conjurations


You had 3 spell levels left.
You knew the following spells:

 Your Spells              Type           Power      Damage    Failure   Level
a - Searing Ray           Conj           32%        2d5       4%          2
c - Magic Dart            Conj           64%        1d6       3%          1

Your spell library contained the following spells:

 Spells                   Type           Power      Damage    Failure   Level
 Dazzling Flash           Conj/Hex       18%        N/A       22%         3
 Fulminant Prism          Conj/Hex       4%         3d5       58%         4
 Iskenderun's Mystic Bla  Conj/Tloc      9%         2d4       58%         4


Dungeon Overview and Level Annotations

Branches:
Dungeon (2/15)

Altars:
Nemelex Xobeh

Shops:
D:1 (


Innate Abilities, Weirdness & Mutations

You cannot be hasted, slowed, berserked, paralysed or teleported.
You can dig through walls and to a lower floor.
You have a pair of large antennae on your head. (SInv)
Your four strong arms can wield two-handed weapons with a shield.


Message History

You hit the sleepcap but do no damage.
The sleepcap is moderately damaged.
The sleepcap barely misses you.
You hit the sleepcap but do no damage.
The sleepcap is poisoned.
The sleepcap is moderately damaged.
The sleepcap misses you.
You hit the sleepcap but do no damage.
The sleepcap is moderately damaged.
The sleepcap releases spores at you but does no damage.
You hit the sleepcap.
The sleepcap looks as sick as possible!
The sleepcap is heavily damaged.
The sleepcap releases spores at you.
You hit the sleepcap but do no damage.
The sleepcap is heavily damaged.
The sleepcap releases spores at you.
You hit the sleepcap but do no damage.
The sleepcap is heavily damaged.
The sleepcap releases spores at you.
You are engulfed in a cloud of soporific spores!
You fall asleep.
The sleepcap releases spores at you.
You wake up.
You are engulfed in a cloud of soporific spores!
You are unaffected.
Casting: Searing Ray (safe; 4% risk of failure)
Confirm with . or Enter, or press ? or * to list all spells.
Aiming: Magic Dart (safe; 3% risk of failure)
Press: ? - help, Shift-Dir - straight line, f/p - sleepcap
Aim: a sleepcap (severely damaged, very poisoned, 100% to hit)
The magic dart hits the sleepcap.
The sleepcap is almost destroyed.
The sleepcap releases spores at you.
You are engulfed in a cloud of soporific spores!
You are unaffected.
You hit the sleepcap but do no damage.
The sleepcap is almost destroyed.
The sleepcap releases spores at you!
You die...

#..###.#.# #...
#....#.#.# ...# {
###.###.#.# #.f#
#.........# #..#
#.#...#.### #..####.#
#.###.#.<# #........ #.#
..#..# #.....#
####.#####..###########.#
#........#..##.@f.......#
#.##..(#.#..##.##########
#.####.#.#.....# #.#
#...##.#### #.#########.#
#...........#
#############


You could see a sleepcap (very poisoned).

Vanquished Creatures
  An adder (D:2)
  2 endoplasms (D:1)
  2 giant cockroaches (D:1)
  3 goblins (D:1)
  4 hobgoblins
  3 jackals (D:2)
  4 kobolds
  A quokka (D:1)
  A ball python (D:1)
  3 bats
  3 frilled lizards
  3 rats (D:1)
30 creatures vanquished.

Notes
Turn   | Place    | Note
-------+----------+-------------------------------------------
     0 | D:1      | DildoBatman the Formicid Conjurer began the quest for the
                  | Orb.
     0 | D:1      | Reached XP level 1. HP: 13/13 MP: 3/3
   139 | D:1      | Reached XP level 2. HP: 19/20 MP: 5/5
   156 | D:1      | Learned a level 2 spell: Searing Ray
   189 | D:1      | Found Umuckut's Weapon Shoppe.
   401 | D:1      | Reached XP level 3. HP: 25/25 MP: 1/6
   743 | D:2      | Reached skill level 1 in Fighting
   743 | D:2      | Reached skill level 1 in Armour
   802 | D:2      | Found a faded altar of an unknown god.
   888 | D:2      | Found a sparkling altar of Nemelex Xobeh.
  1070 | D:2      | Slain by a sleepcap

Illustrated notes

Levels and vault maps discovered:
D:1:      lemuel_arrival_behind_the_door_large, layout_loops_ring, serial_shops,
          shop
D:2:      layout_basic, basic_altar, hellmonk_ecumenical_altar_lost_god,
          minmay_nonomino_d4, uniq_terence

Skill      XL: |  1  2  3 |
---------------+----------+-----
Dodging        | 2 |  2.2
Fighting       | 1 |  1.1
Armour         | 1 |  1.0
Stealth        | 3 |  3.0
Spellcasting   | |  2.4
Conjurations   | |  3.8

Action                     || total
---------------------------++-------
  Melee: Unarmed           ||     8
         Spear             ||    20
         Punch             ||     1
         Dagger            ||     8
   Fire: Sling             ||     8
   Cast: Magic Dart        ||    31
         Searing Ray       ||     3
   Stab: Sleeping          ||     2
 Armour: Robe              ||     6
  Dodge: Dodged            ||    20
